[ AOE2 MATCH · #484347022 ]
UnrankedBulgarians vs Khmer
[ REPLAY ANALYSIS · EXTRACTED FROM THE RECORDED GAME ]
Feudal
11:01
Castle
15:51
Imperial
31:06
| APM avg | 19.0 |
| APM peak | 53 |
| eAPM avg | 13.6 |
| Villagers / military | 119 / 22 |
Focus
⚔️ 14.4% · 🌾 85.6%
Konnik ×16 · Mangonel ×6
Feudal
11:41
Castle
14:23
Imperial
32:41
| APM avg | 20.2 |
| APM peak | 43 |
| eAPM avg | 10.9 |
| Villagers / military | 169 / 259 |
Focus
⚔️ 30.6% · 🌾 69.4%
Battle Elephant ×99 · Spearman ×63 · Scout Cavalry ×46 · Knight ×45 · Trebuchet (Packed) ×4 · Monk ×2
Feudal
12:57
Castle
19:36
Imperial
35:22
| APM avg | 24.8 |
| APM peak | 77 |
| eAPM avg | 13.4 |
| Villagers / military | 89 / 102 |
Focus
⚔️ 33.6% · 🌾 66.4%
Militia ×77 · Archer ×17 · Spearman ×5 · Mangonel ×2 · Monk ×1
Feudal
10:24
Castle
19:55
Imperial
37:10
| APM avg | 24.5 |
| APM peak | 199 |
| eAPM avg | 19.6 |
| Villagers / military | 163 / 201 |
Focus
⚔️ 34.2% · 🌾 65.8%
Knight ×127 · Throwing Axeman ×71 · Trebuchet (Packed) ×3
Feudal
11:32
Castle
15:02
Imperial
35:04
| APM avg | 45.0 |
| APM peak | 94 |
| eAPM avg | 31.3 |
| Villagers / military | 247 / 247 |
Focus
⚔️ 38.1% · 🌾 61.9%
Knight ×101 · Spearman ×94 · Scout Cavalry ×20 · Throwing Axeman ×18 · Trebuchet (Packed) ×7 · Mangonel ×6
Feudal
11:47
Castle
15:42
Imperial
32:13
| APM avg | 31.7 |
| APM peak | 86 |
| eAPM avg | 22.3 |
| Villagers / military | 123 / 153 |
Focus
⚔️ 38.7% · 🌾 61.3%
Spearman ×63 · Scorpion ×33 · Woad Raider ×28 · Battering Ram ×23 · Mangonel ×3 · Trebuchet (Packed) ×2
Feudal
12:40
Castle
16:18
Imperial
35:36
| APM avg | 38.7 |
| APM peak | 92 |
| eAPM avg | 25.1 |
| Villagers / military | 196 / 209 |
Focus
⚔️ 35.4% · 🌾 64.6%
Hand Cannoneer ×92 · Scout Cavalry ×62 · Janissary ×29 · Camel Scout ×15 · Trebuchet (Packed) ×5 · Battering Ram ×4
Feudal
10:52
Castle
16:21
Imperial
36:00
| APM avg | 39.7 |
| APM peak | 76 |
| eAPM avg | 20.0 |
| Villagers / military | 134 / 264 |
Focus
⚔️ 23.9% · 🌾 76.1%
Knight ×146 · Spearman ×115 · Monk ×3
Match map
Initial resources + every placement click. Lines = walls · curves = elevation contours. ◆ gold · ⬟ stone · ● berries · ✦ relic · ◌ wall gap
Your base· ✓ Closed at 15:51 · 0t walls · 2 gate(s)
人老手不慢's base· ✓ Closed at 14:23 · 0t walls · 3 gate(s)
Johnsonator's base· ✓ Closed at 19:36 · 0t walls · 3 gate(s)
IV's base· ✓ Closed at 19:55 · 0t walls · 2 gate(s)
MorikawaKouichi's base· ✓ Closed at 15:02 · 1t walls · 3 gate(s)
vagrant330's base· ✓ Closed at 15:42 · 0t walls · 3 gate(s)
1448415732's base· ✓ Closed at 16:18 · 0t walls · 2 gate(s)
obamama's base· ✓ Closed at 16:21 · 0t walls · 2 gate(s)
Smoothed initial terrain · ◌ = detected wall gap · hover for details
Inputs per minute
— eugenibeto - - 人老手不慢
Build order — eugenibeto
First 150 of 267 actions detected
| 0:15 | Build | House |
| 0:17 | Create | Villager (Male) ×4 |
| 0:24 | Build | House |
| 0:25 | Build | House |
| 1:19 | Build | Lumber Camp |
| 1:51 | Create | Villager (Male) |
| 2:17 | Create | Villager (Male) |
| 2:17 | Create | Villager (Male) |
| 2:43 | Create | Villager (Male) |
| 3:12 | Create | Villager (Male) |
| 3:39 | Create | Villager (Male) |
| 3:39 | Create | Villager (Male) |
| 4:25 | Create | Villager (Male) |
| 4:41 | Create | Villager (Male) |
| 5:00 | Build | House |
| 5:03 | Create | Villager (Male) |
| 5:51 | Build | Mill |
| 5:51 | Create | Villager (Male) |
| 5:57 | Build | House |
| 6:10 | Create | Villager (Male) |
| 6:46 | Create | Villager (Male) |
| 6:58 | Create | Villager (Male) |
| 7:11 | Build | Mining Camp |
| 7:20 | Create | Villager (Male) |
| 7:47 | Create | Villager (Male) |
| 8:09 | Create | Villager (Male) |
| 8:44 | Research | Feudal Age |
| 9:38 | Create | Villager (Male) |
| 11:01 | Age | Feudal Age |
| 11:04 | Build | Market |
| 11:09 | Build | Blacksmith |
| 11:23 | Create | Villager (Male) |
| 11:35 | Build | Farm |
| 11:37 | Build | Farm |
| 11:38 | Build | Farm |
| 11:39 | Build | Farm |
| 11:40 | Build | Farm |
| 11:42 | Build | Farm |
| 11:52 | Create | Villager (Male) |
| 11:57 | Research | Loom |
| 12:04 | Build | House |
| 12:09 | Build | House |
| 12:38 | Build | Farm |
| 13:11 | Research | Castle Age |
| 13:29 | Research | Horse Collar |
| 13:39 | Research | Double-Bit Axe |
| 14:47 | Build | House |
| 14:59 | Research | Wheelbarrow |
| 15:14 | Create | Villager (Male) |
| 15:51 | Age | Castle Age |
| 15:55 | Build | Siege Workshop |
| 16:09 | Build | Town Center |
| 16:16 | Create | Villager (Male) |
| 16:30 | Create | Mangonel |
| 17:05 | Build | Outpost |
| 17:17 | Research | Hand Cart |
| 17:30 | Build | House |
| 17:40 | Create | Villager (Male) |
| 17:40 | Create | Villager (Male) |
| 17:40 | Create | Villager (Male) |
| 17:41 | Create | Villager (Male) |
| 17:41 | Create | Villager (Male) |
| 17:52 | Research | Town Watch |
| 17:57 | Create | Villager (Male) |
| 17:57 | Create | Villager (Male) |
| 18:03 | Build | Farm |
| 18:13 | Build | Farm |
| 18:23 | Create | Villager (Male) |
| 18:23 | Create | Villager (Male) |
| 18:28 | Build | House |
| 18:32 | Build | House |
| 18:34 | Build | House |
| 18:37 | Build | House |
| 18:54 | Create | Villager (Male) |
| 19:30 | Build | Town Center |
| 19:36 | Create | Villager (Male) |
| 19:36 | Create | Villager (Male) |
| 19:44 | Build | Farm |
| 19:45 | Build | Farm |
| 19:54 | Build | Outpost |
| 20:02 | Create | Villager (Male) |
| 20:03 | Create | Villager (Male) |
| 20:14 | Build | House |
| 20:19 | Create | Villager (Male) |
| 20:19 | Create | Villager (Male) |
| 20:26 | Build | Farm |
| 20:27 | Build | Farm |
| 20:30 | Create | Villager (Male) |
| 20:34 | Build | Farm |
| 21:01 | Create | Villager (Male) |
| 21:01 | Create | Villager (Male) |
| 21:02 | Create | Villager (Male) |
| 21:02 | Create | Villager (Male) |
| 21:06 | Build | House |
| 21:07 | Build | House |
| 21:08 | Build | House |
| 21:12 | Build | House |
| 21:15 | Create | Villager (Male) |
| 21:29 | Create | Villager (Male) |
| 21:30 | Create | Villager (Male) |
| 21:35 | Build | Lumber Camp |
| 21:40 | Build | Farm |
| 21:42 | Build | Farm |
| 21:58 | Create | Villager (Male) |
| 21:58 | Create | Villager (Male) |
| 21:59 | Create | Villager (Male) |
| 22:04 | Build | Farm |
| 22:05 | Create | Villager (Male) |
| 22:05 | Create | Villager (Male) |
| 22:12 | Build | Farm |
| 22:15 | Build | Farm |
| 22:19 | Create | Villager (Male) |
| 22:20 | Create | Villager (Male) |
| 22:29 | Create | Villager (Male) |
| 22:29 | Create | Villager (Male) |
| 22:51 | Build | Lumber Camp |
| 22:59 | Build | Farm |
| 23:04 | Create | Villager (Male) |
| 23:04 | Create | Villager (Male) |
| 23:05 | Create | Villager (Male) |
| 23:05 | Create | Villager (Male) |
| 23:13 | Build | Farm |
| 23:25 | Build | Farm |
| 23:27 | Create | Villager (Male) |
| 23:27 | Create | Villager (Male) |
| 23:27 | Create | Villager (Male) |
| 23:27 | Create | Villager (Male) |
| 23:36 | Build | House |
| 23:37 | Build | House |
| 23:38 | Build | House |
| 23:40 | Create | Villager (Male) |
| 23:47 | Build | Farm |
| 23:59 | Create | Villager (Male) |
| 23:59 | Create | Villager (Male) |
| 24:07 | Build | Farm |
| 24:08 | Build | Farm |
| 24:09 | Build | Farm |
| 24:11 | Build | Farm |
| 24:12 | Build | Farm |
| 24:14 | Build | Farm |
| 24:15 | Build | Farm |
| 24:20 | Create | Villager (Male) |
| 24:24 | Research | Heavy Plow |
| 24:29 | Create | Villager (Male) |
| 24:29 | Create | Villager (Male) |
| 24:43 | Create | Villager (Male) |
| 24:53 | Build | Town Center |
| 25:04 | Create | Villager (Male) |
| 25:05 | Create | Villager (Male) |
| 25:05 | Create | Villager (Male) |
Build order — 人老手不慢
First 150 of 333 actions detected
| 0:03 | Create | Villager (Male) ×4 |
| 0:03 | Create | Villager (Male) ×4 |
| 0:08 | Build | House |
| 0:12 | Build | House |
| 1:26 | Create | Villager (Male) |
| 1:26 | Create | Villager (Male) |
| 2:06 | Create | Villager (Male) |
| 2:28 | Create | Villager (Male) |
| 2:28 | Create | Villager (Male) |
| 2:42 | Build | House |
| 3:02 | Create | Villager (Male) |
| 3:02 | Create | Villager (Male) |
| 3:07 | Build | Mill |
| 3:12 | Create | Villager (Male) |
| 3:12 | Create | Villager (Male) |
| 3:49 | Create | Villager (Male) |
| 3:50 | Create | Villager (Male) |
| 4:18 | Create | Villager (Male) |
| 4:18 | Create | Villager (Male) |
| 4:49 | Build | Lumber Camp |
| 4:55 | Create | Villager (Male) |
| 4:56 | Create | Villager (Male) |
| 5:18 | Create | Villager (Male) |
| 5:19 | Create | Villager (Male) |
| 5:19 | Create | Villager (Male) |
| 5:27 | Build | House |
| 5:59 | Create | Villager (Male) |
| 5:59 | Create | Villager (Male) |
| 6:33 | Create | Villager (Male) |
| 6:34 | Create | Villager (Male) |
| 6:34 | Create | Villager (Male) |
| 6:48 | Create | Villager (Male) |
| 6:48 | Create | Villager (Male) |
| 6:59 | Create | Villager (Male) |
| 7:08 | Build | House |
| 7:22 | Create | Villager (Male) |
| 7:22 | Create | Villager (Male) |
| 7:39 | Build | Farm |
| 7:48 | Build | Mining Camp |
| 7:59 | Build | Farm |
| 8:27 | Build | Farm |
| 8:49 | Build | Farm |
| 9:10 | Research | Feudal Age |
| 10:28 | Build | Farm |
| 10:41 | Build | Farm |
| 11:26 | Build | Farm |
| 11:41 | Age | Feudal Age |
| 11:43 | Research | Castle Age |
| 11:52 | Build | House |
| 12:15 | Research | Double-Bit Axe |
| 12:29 | Research | Horse Collar |
| 13:12 | Build | Farm |
| 13:35 | Create | Villager (Male) |
| 13:36 | Create | Villager (Male) |
| 13:36 | Create | Villager (Male) |
| 13:40 | Research | Wheelbarrow |
| 14:23 | Age | Castle Age |
| 14:29 | Build | Town Center |
| 14:57 | Build | Town Center |
| 15:32 | Create | Villager (Male) |
| 15:35 | Research | Wheelbarrow |
| 15:40 | Research | Bow Saw |
| 15:56 | Create | Villager (Male) |
| 15:56 | Create | Villager (Male) |
| 15:57 | Create | Villager (Male) |
| 16:10 | Create | Villager (Male) |
| 16:10 | Create | Villager (Male) |
| 16:10 | Create | Villager (Male) |
| 16:19 | Build | Farm |
| 16:23 | Create | Villager (Male) |
| 16:35 | Build | Farm |
| 16:37 | Build | Farm |
| 16:46 | Create | Villager (Male) |
| 17:00 | Create | Villager (Male) |
| 17:04 | Create | Villager (Male) |
| 17:12 | Build | Farm |
| 17:14 | Build | Farm |
| 17:17 | Create | Villager (Male) |
| 17:29 | Build | Farm |
| 17:29 | Build | Farm |
| 17:30 | Build | Farm |
| 17:35 | Create | Villager (Male) |
| 17:43 | Build | House |
| 17:44 | Build | House |
| 17:55 | Create | Villager (Male) ×4 |
| 18:09 | Create | Villager (Male) ×2 |
| 18:10 | Create | Villager (Male) ×2 |
| 18:22 | Build | Stable |
| 18:27 | Create | Villager (Male) ×2 |
| 18:27 | Create | Villager (Male) ×2 |
| 18:39 | Create | Villager (Male) |
| 18:39 | Create | Villager (Male) |
| 18:50 | Build | Blacksmith |
| 19:09 | Research | Heavy Plow |
| 19:12 | Create | Villager (Male) ×2 |
| 19:13 | Create | Villager (Male) ×2 |
| 19:23 | Create | Villager (Male) |
| 19:30 | Build | Farm |
| 19:31 | Build | Farm |
| 19:38 | Create | Villager (Male) |
| 19:38 | Create | Villager (Male) |
| 19:39 | Create | Villager (Male) |
| 19:51 | Build | House |
| 19:52 | Build | House |
| 19:53 | Build | House |
| 19:59 | Create | Villager (Male) ×2 |
| 20:14 | Build | Town Center |
| 20:21 | Create | Villager (Male) ×3 |
| 20:22 | Create | Villager (Male) ×3 |
| 20:29 | Build | Stable |
| 20:40 | Build | Farm |
| 20:46 | Build | Farm |
| 20:52 | Create | Villager (Male) ×3 |
| 20:52 | Create | Villager (Male) ×3 |
| 21:18 | Build | Farm |
| 21:19 | Build | Farm |
| 21:19 | Build | Farm |
| 21:20 | Build | Farm |
| 21:20 | Build | Farm |
| 21:29 | Build | House |
| 21:30 | Build | House |
| 21:35 | Research | Bloodlines |
| 21:54 | Research | Hand Cart |
| 22:11 | Research | Scale Barding Armor |
| 22:18 | Build | Stable |
| 22:31 | Create | Villager (Male) ×3 |
| 22:42 | Build | Farm |
| 22:43 | Build | Farm |
| 22:45 | Build | Farm |
| 22:51 | Research | Forging |
| 23:02 | Build | House |
| 23:03 | Build | House |
| 23:04 | Build | House |
| 23:04 | Build | House |
| 23:19 | Create | Knight ×5 |
| 23:19 | Create | Knight ×5 |
| 23:27 | Build | Stable |
| 23:37 | Create | Villager (Male) |
| 23:41 | Create | Knight ×3 |
| 24:04 | Create | Knight ×3 |
| 24:04 | Create | Knight ×3 |
| 24:05 | Create | Knight |
| 24:22 | Build | Stable |
| 24:28 | Create | Villager (Male) |
| 24:30 | Create | Villager (Male) |
| 24:37 | Build | Town Center |
| 24:54 | Create | Knight ×4 |
| 24:54 | Create | Knight ×4 |
| 25:31 | Create | Knight ×3 |
| 25:39 | Build | Monastery |
Build order — Johnsonator
First 150 of 326 actions detected
| 0:04 | Research | Loom |
| 0:05 | Create | Villager (Male) |
| 0:06 | Create | Villager (Male) |
| 0:06 | Create | Villager (Male) |
| 0:06 | Create | Villager (Male) |
| 0:11 | Build | House |
| 0:12 | Build | House |
| 2:08 | Create | Villager (Male) |
| 2:12 | Create | Villager (Male) |
| 3:09 | Create | Villager (Male) |
| 3:09 | Create | Villager (Male) |
| 3:11 | Create | Villager (Male) |
| 3:37 | Create | Villager (Male) |
| 4:15 | Build | Mule Cart |
| 4:17 | Create | Villager (Male) |
| 4:17 | Create | Villager (Male) |
| 4:27 | Build | House |
| 4:48 | Create | Villager (Male) |
| 5:01 | Create | Villager (Male) |
| 5:48 | Create | Villager (Male) |
| 5:54 | Build | House |
| 6:24 | Create | Villager (Male) |
| 6:55 | Create | Villager (Male) |
| 6:55 | Create | Villager (Male) |
| 7:36 | Create | Villager (Male) |
| 7:51 | Build | Mill |
| 7:56 | Build | House |
| 7:56 | Build | House |
| 8:04 | Create | Villager (Male) |
| 8:36 | Create | Villager (Male) |
| 8:46 | Build | Mule Cart |
| 8:49 | Create | Villager (Male) |
| 8:49 | Create | Villager (Male) |
| 8:50 | Create | Villager (Male) |
| 10:01 | Create | Villager (Male) |
| 10:47 | Research | Feudal Age |
| 12:09 | Build | Barracks |
| 12:38 | Build | House |
| 12:42 | Build | House |
| 12:57 | Age | Feudal Age |
| 13:41 | Build | Market |
| 13:45 | Build | Blacksmith |
| 13:54 | Create | Villager (Male) |
| 13:55 | Create | Villager (Male) |
| 13:55 | Create | Villager (Male) |
| 14:03 | Research | Horse Collar |
| 14:05 | Research | Double-Bit Axe |
| 14:44 | Build | Farm |
| 14:45 | Build | Farm |
| 14:45 | Build | Farm |
| 14:46 | Build | Farm |
| 14:46 | Build | Farm |
| 14:49 | Build | Farm |
| 14:51 | Build | Farm |
| 15:18 | Build | Farm |
| 15:56 | Build | Farm |
| 15:58 | Build | Farm |
| 16:04 | Build | Farm |
| 16:14 | Build | Farm |
| 16:24 | Research | Loom |
| 16:56 | Research | Castle Age |
| 17:28 | Build | Mule Cart |
| 17:58 | Research | Gold Mining |
| 19:04 | Create | Villager (Male) |
| 19:04 | Create | Villager (Male) |
| 19:05 | Create | Villager (Male) |
| 19:36 | Age | Castle Age |
| 19:47 | Build | Town Center |
| 19:51 | Build | Town Center |
| 20:17 | Create | Villager (Male) |
| 20:18 | Create | Villager (Male) |
| 20:21 | Research | Man-at-Arms (upgrade) |
| 20:46 | Build | Monastery |
| 21:01 | Build | Farm |
| 21:03 | Create | Villager (Male) |
| 21:04 | Create | Villager (Male) |
| 21:06 | Research | Long Swordsman (upgrade) |
| 21:24 | Build | Farm |
| 21:41 | Create | Monk |
| 21:47 | Create | Villager (Male) |
| 21:48 | Create | Villager (Male) |
| 21:48 | Create | Villager (Male) |
| 21:49 | Create | Villager (Male) |
| 21:50 | Create | Villager (Male) |
| 21:56 | Create | Villager (Male) |
| 21:56 | Create | Villager (Male) |
| 21:56 | Create | Villager (Male) |
| 21:57 | Create | Villager (Male) |
| 22:09 | Build | Farm |
| 22:11 | Build | Farm |
| 22:31 | Build | Farm |
| 23:00 | Create | Villager (Male) |
| 23:01 | Create | Villager (Male) |
| 23:01 | Create | Villager (Male) |
| 23:01 | Create | Villager (Male) |
| 23:05 | Build | Farm |
| 23:07 | Build | Farm |
| 23:09 | Build | Farm |
| 23:13 | Build | Farm |
| 23:16 | Build | Farm |
| 23:33 | Build | Farm |
| 23:33 | Create | Villager (Male) |
| 23:34 | Create | Villager (Male) |
| 23:43 | Build | Barracks |
| 23:46 | Build | Barracks |
| 23:47 | Build | Barracks |
| 24:11 | Create | Villager (Male) |
| 24:11 | Create | Villager (Male) |
| 24:11 | Create | Villager (Male) |
| 24:11 | Create | Villager (Male) |
| 24:14 | Build | House |
| 24:15 | Build | House |
| 24:16 | Build | House |
| 25:03 | Build | Farm |
| 25:06 | Build | Farm |
| 25:13 | Research | Two-Handed Swordsman (upgrade) |
| 25:15 | Research | Squires |
| 25:18 | Research | Scale Mail Armor |
| 25:36 | Create | Villager (Male) |
| 25:37 | Create | Villager (Male) |
| 25:37 | Create | Villager (Male) |
| 25:38 | Create | Villager (Male) |
| 25:38 | Create | Villager (Male) |
| 25:47 | Build | Farm |
| 25:51 | Build | Farm |
| 26:05 | Build | Farm |
| 26:08 | Build | Farm |
| 26:13 | Build | Farm |
| 26:15 | Create | Villager (Male) |
| 26:15 | Create | Villager (Male) |
| 26:15 | Create | Villager (Male) |
| 26:22 | Build | Barracks |
| 26:30 | Build | House |
| 26:31 | Build | House |
| 26:32 | Build | House |
| 26:32 | Build | House |
| 26:37 | Build | Farm |
| 26:44 | Build | University |
| 26:52 | Research | Wheelbarrow |
| 26:56 | Build | Farm |
| 27:00 | Build | Farm |
| 27:13 | Create | Villager (Male) |
| 27:13 | Create | Villager (Male) |
| 27:13 | Create | Villager (Male) |
| 27:14 | Create | Villager (Male) |
| 27:15 | Create | Villager (Male) |
| 27:15 | Create | Villager (Male) |
| 27:18 | Build | Farm |
| 27:26 | Build | Farm |
| 27:54 | Build | Farm |
Build order — IV
First 150 of 434 actions detected
| 0:04 | Research | Loom |
| 0:04 | Create | Villager (Male) |
| 0:04 | Create | Villager (Male) |
| 0:06 | Build | House |
| 0:07 | Build | House |
| 0:21 | Create | Villager (Male) |
| 0:22 | Create | Villager (Male) |
| 0:22 | Create | Villager (Male) |
| 0:23 | Create | Villager (Male) |
| 0:26 | Build | House |
| 0:28 | Build | House |
| 1:26 | Create | Villager (Male) |
| 2:10 | Build | Mill |
| 2:31 | Create | Villager (Male) |
| 3:03 | Create | Villager (Male) |
| 3:04 | Create | Villager (Male) |
| 4:04 | Create | Villager (Male) |
| 4:04 | Create | Villager (Male) |
| 4:05 | Create | Villager (Male) |
| 4:25 | Create | Villager (Male) |
| 4:25 | Create | Villager (Male) |
| 4:38 | Create | Villager (Male) |
| 4:39 | Create | Villager (Male) |
| 4:48 | Create | Villager (Male) |
| 5:42 | Create | Villager (Male) |
| 6:54 | Build | Lumber Camp |
| 7:21 | Create | Villager (Male) |
| 7:47 | Create | Villager (Male) |
| 7:56 | Build | Mining Camp |
| 7:59 | Research | Feudal Age |
| 8:30 | Build | House |
| 8:40 | Create | Villager (Male) |
| 8:50 | Create | Villager (Male) |
| 8:52 | Build | House |
| 8:53 | Build | House |
| 9:05 | Create | Villager (Male) |
| 10:19 | Build | Barracks |
| 10:24 | Age | Feudal Age |
| 10:34 | Build | Barracks |
| 10:47 | Build | Mill |
| 11:22 | Create | Villager (Male) |
| 11:27 | Create | Villager (Male) |
| 11:59 | Build | Mill |
| 12:10 | Build | Mining Camp |
| 12:18 | Create | Villager (Male) |
| 12:47 | Create | Villager (Male) |
| 13:14 | Create | Villager (Male) |
| 13:26 | Build | Market |
| 13:50 | Create | Villager (Male) |
| 13:51 | Create | Villager (Male) |
| 14:00 | Build | Blacksmith |
| 14:18 | Create | Villager (Male) |
| 14:25 | Build | Farm |
| 14:26 | Build | Farm |
| 15:28 | Build | House |
| 15:31 | Build | House |
| 15:33 | Build | House |
| 15:35 | Create | Villager (Male) |
| 15:38 | Create | Villager (Male) |
| 15:46 | Build | Farm |
| 15:49 | Build | Farm |
| 15:58 | Build | Farm |
| 16:10 | Build | Farm |
| 16:20 | Build | Farm |
| 16:21 | Create | Villager (Male) |
| 16:34 | Create | Villager (Male) |
| 16:42 | Build | Farm |
| 17:04 | Build | Farm |
| 17:11 | Research | Castle Age |
| 17:14 | Build | House |
| 17:16 | Build | House |
| 17:39 | Research | Double-Bit Axe |
| 18:15 | Build | House |
| 18:32 | Build | Stable |
| 18:38 | Research | Scale Barding Armor |
| 18:38 | Research | Forging |
| 18:59 | Build | Farm |
| 19:04 | Build | Farm |
| 19:13 | Build | Farm |
| 19:22 | Build | Farm |
| 19:25 | Create | Villager (Male) |
| 19:25 | Create | Villager (Male) |
| 19:25 | Create | Villager (Male) |
| 19:32 | Create | Villager (Male) |
| 19:39 | Research | Scale Mail Armor |
| 19:51 | Research | Fletching |
| 19:55 | Age | Castle Age |
| 20:01 | Research | Bow Saw |
| 20:32 | Build | Castle |
| 20:36 | Create | Villager (Male) |
| 20:36 | Create | Villager (Male) |
| 20:43 | Build | Town Center |
| 21:04 | Create | Villager (Male) |
| 21:18 | Create | Villager (Male) |
| 21:25 | Create | Villager (Male) |
| 21:25 | Create | Villager (Male) |
| 21:28 | Create | Villager (Male) ×5 |
| 21:28 | Create | Villager (Male) ×5 |
| 21:28 | Create | Villager (Male) ×5 |
| 21:43 | Create | Knight |
| 21:45 | Create | Knight |
| 21:49 | Build | Mining Camp |
| 22:00 | Create | Villager (Male) |
| 22:00 | Create | Villager (Male) |
| 22:21 | Create | Knight |
| 22:37 | Build | Mining Camp |
| 22:42 | Create | Villager (Male) |
| 22:48 | Create | Villager (Male) ×2 |
| 22:48 | Create | Villager (Male) ×2 |
| 22:48 | Create | Villager (Male) ×2 |
| 22:57 | Create | Knight |
| 22:58 | Create | Knight |
| 23:23 | Build | Town Center |
| 23:31 | Create | Villager (Male) |
| 23:32 | Create | Knight |
| 24:12 | Create | Villager (Male) |
| 24:12 | Create | Villager (Male) |
| 24:15 | Create | Knight |
| 24:36 | Create | Throwing Axeman |
| 24:37 | Create | Throwing Axeman |
| 24:42 | Create | Villager (Male) |
| 24:42 | Create | Villager (Male) |
| 24:56 | Create | Villager (Male) |
| 24:56 | Create | Villager (Male) |
| 25:03 | Build | Monastery |
| 25:05 | Build | University |
| 25:07 | Build | Blacksmith |
| 25:15 | Build | Farm |
| 25:16 | Build | Farm |
| 25:16 | Build | Farm |
| 25:17 | Build | Farm |
| 25:17 | Build | Farm |
| 25:17 | Build | Farm |
| 25:20 | Create | Villager (Male) |
| 25:20 | Create | Villager (Male) |
| 25:23 | Create | Villager (Male) |
| 25:23 | Create | Villager (Male) |
| 25:23 | Create | Villager (Male) |
| 26:01 | Create | Villager (Male) ×3 |
| 26:21 | Build | Farm |
| 26:22 | Build | Farm |
| 26:22 | Build | Farm |
| 26:22 | Build | Farm |
| 26:22 | Build | Farm |
| 26:23 | Build | Farm |
| 26:27 | Create | Villager (Male) |
| 26:27 | Create | Villager (Male) |
| 26:30 | Create | Villager (Male) |
| 26:30 | Create | Villager (Male) |
| 26:37 | Build | Farm |
Build order — MorikawaKouichi
First 150 of 600 actions detected
| 0:01 | Create | Villager (Male) |
| 0:01 | Create | Villager (Male) |
| 0:03 | Build | House |
| 0:04 | Build | House |
| 0:09 | Create | Villager (Male) |
| 0:09 | Create | Villager (Male) |
| 0:09 | Create | Villager (Male) |
| 1:26 | Create | Villager (Male) |
| 1:26 | Create | Villager (Male) |
| 1:46 | Build | Lumber Camp |
| 1:50 | Create | Villager (Male) |
| 1:50 | Create | Villager (Male) |
| 2:22 | Create | Villager (Male) |
| 2:22 | Create | Villager (Male) |
| 2:52 | Create | Villager (Male) |
| 2:52 | Create | Villager (Male) |
| 3:21 | Create | Villager (Male) |
| 3:22 | Create | Villager (Male) |
| 3:40 | Build | House |
| 3:44 | Create | Villager (Male) |
| 4:05 | Create | Villager (Male) |
| 4:05 | Create | Villager (Male) |
| 4:28 | Build | Mill |
| 4:39 | Create | Villager (Male) |
| 4:39 | Create | Villager (Male) |
| 5:08 | Create | Villager (Male) |
| 5:08 | Create | Villager (Male) |
| 5:25 | Build | House |
| 5:37 | Create | Villager (Male) |
| 5:37 | Create | Villager (Male) |
| 5:51 | Build | Farm |
| 6:12 | Build | Farm |
| 6:46 | Create | Villager (Male) |
| 7:03 | Create | Villager (Male) |
| 7:10 | Build | Farm |
| 7:26 | Create | Villager (Male) |
| 7:26 | Create | Villager (Male) |
| 7:53 | Build | House |
| 8:03 | Create | Villager (Male) |
| 8:03 | Create | Villager (Male) |
| 8:49 | Build | Mining Camp |
| 9:19 | Create | Villager (Male) |
| 9:22 | Research | Feudal Age |
| 9:22 | Research | Feudal Age |
| 11:27 | Create | Villager (Male) |
| 11:27 | Create | Villager (Male) |
| 11:27 | Create | Villager (Male) |
| 11:32 | Age | Feudal Age |
| 11:34 | Build | Blacksmith |
| 11:36 | Build | Market |
| 11:43 | Research | Double-Bit Axe |
| 11:43 | Research | Double-Bit Axe |
| 12:14 | Research | Castle Age |
| 12:14 | Research | Castle Age |
| 13:07 | Create | Villager (Male) |
| 13:07 | Create | Villager (Male) |
| 13:15 | Build | Farm |
| 13:21 | Build | Farm |
| 13:29 | Build | Farm |
| 13:41 | Build | House |
| 13:43 | Build | House |
| 13:45 | Build | House |
| 13:49 | Build | Stone Wall |
| 13:56 | Build | Palisade Wall |
| 15:02 | Age | Castle Age |
| 15:05 | Build | Town Center |
| 15:08 | Build | Town Center |
| 15:21 | Research | Wheelbarrow |
| 15:21 | Research | Wheelbarrow |
| 15:28 | Research | Bow Saw |
| 15:28 | Research | Bow Saw |
| 15:44 | Create | Villager (Male) |
| 16:00 | Create | Villager (Male) |
| 16:08 | Build | Farm |
| 16:12 | Build | Farm |
| 16:14 | Build | Farm |
| 16:16 | Create | Villager (Male) |
| 16:16 | Create | Villager (Male) |
| 16:17 | Create | Villager (Male) |
| 16:17 | Create | Villager (Male) |
| 16:23 | Create | Villager (Male) |
| 16:23 | Create | Villager (Male) |
| 16:28 | Create | Villager (Male) |
| 16:28 | Create | Villager (Male) |
| 16:43 | Create | Villager (Male) |
| 16:47 | Build | Farm |
| 16:59 | Build | Farm |
| 17:03 | Build | Farm |
| 17:09 | Create | Villager (Male) |
| 17:13 | Create | Villager (Male) |
| 17:15 | Create | Villager (Male) |
| 17:16 | Create | Villager (Male) |
| 17:16 | Create | Villager (Male) |
| 17:25 | Build | Farm |
| 17:28 | Build | Farm |
| 17:30 | Build | Farm |
| 17:34 | Create | Villager (Male) |
| 17:47 | Build | Farm |
| 17:55 | Create | Villager (Male) |
| 17:55 | Create | Villager (Male) |
| 17:55 | Create | Villager (Male) |
| 18:10 | Create | Villager (Male) |
| 18:21 | Create | Villager (Male) |
| 18:30 | Build | Siege Workshop |
| 18:33 | Create | Villager (Male) |
| 18:42 | Research | Loom |
| 18:42 | Research | Loom |
| 18:45 | Build | Farm |
| 18:47 | Build | Farm |
| 18:52 | Build | Farm |
| 18:54 | Build | Farm |
| 18:57 | Build | House |
| 18:59 | Build | House |
| 19:02 | Build | House |
| 19:04 | Build | House |
| 19:12 | Create | Villager (Male) |
| 19:12 | Create | Villager (Male) |
| 19:12 | Create | Villager (Male) |
| 19:12 | Create | Villager (Male) |
| 19:30 | Create | Villager (Male) |
| 19:30 | Create | Villager (Male) |
| 19:40 | Create | Villager (Male) |
| 19:40 | Create | Villager (Male) |
| 19:40 | Create | Villager (Male) |
| 19:43 | Create | Battering Ram |
| 19:45 | Create | Mangonel |
| 19:50 | Build | House |
| 19:52 | Build | House |
| 19:54 | Build | House |
| 19:56 | Build | House |
| 20:02 | Build | House |
| 20:04 | Build | House |
| 20:07 | Build | House |
| 20:12 | Build | Stone Wall |
| 20:14 | Create | Villager (Male) |
| 20:14 | Create | Villager (Male) |
| 20:14 | Create | Villager (Male) |
| 20:18 | Research | Wheelbarrow |
| 20:19 | Research | Wheelbarrow |
| 20:19 | Create | Villager (Male) |
| 20:19 | Create | Villager (Male) |
| 20:32 | Create | Villager (Male) |
| 20:44 | Create | Villager (Male) |
| 20:45 | Create | Villager (Male) |
| 20:49 | Create | Villager (Male) |
| 20:54 | Create | Villager (Male) |
| 20:54 | Create | Villager (Male) |
| 20:56 | Create | Villager (Male) |
| 21:02 | Create | Mangonel |
| 21:15 | Create | Villager (Male) |
Build order — vagrant330
First 150 of 479 actions detected
| 0:05 | Build | House |
| 0:11 | Build | House |
| 0:14 | Create | Villager (Male) |
| 0:14 | Create | Villager (Male) |
| 0:14 | Create | Villager (Male) |
| 0:14 | Create | Villager (Male) |
| 1:40 | Create | Villager (Male) |
| 1:40 | Create | Villager (Male) |
| 2:17 | Create | Villager (Male) |
| 2:32 | Create | Villager (Male) |
| 2:32 | Create | Villager (Male) |
| 2:47 | Build | Mill |
| 3:02 | Create | Villager (Male) |
| 3:02 | Create | Villager (Male) |
| 3:38 | Create | Villager (Male) |
| 3:38 | Create | Villager (Male) |
| 4:07 | Build | House |
| 4:12 | Create | Villager (Male) |
| 4:12 | Create | Villager (Male) |
| 4:29 | Create | Villager (Male) |
| 4:35 | Create | Villager (Male) |
| 4:56 | Create | Villager (Male) |
| 5:07 | Build | Lumber Camp |
| 5:46 | Create | Villager (Male) |
| 6:01 | Create | Villager (Male) |
| 6:02 | Create | Villager (Male) |
| 6:08 | Build | House |
| 6:10 | Build | House |
| 6:53 | Build | House |
| 6:57 | Create | Villager (Male) |
| 7:24 | Create | Villager (Male) |
| 7:35 | Create | Villager (Male) |
| 8:04 | Create | Villager (Male) |
| 8:34 | Create | Villager (Male) |
| 8:51 | Build | Mining Camp |
| 9:08 | Create | Villager (Male) |
| 9:17 | Research | Feudal Age |
| 10:40 | Build | Farm |
| 10:43 | Build | Farm |
| 11:22 | Create | Villager (Male) |
| 11:47 | Age | Feudal Age |
| 11:57 | Build | Blacksmith |
| 12:09 | Build | Market |
| 12:12 | Create | Villager (Male) |
| 12:16 | Create | Villager (Male) |
| 12:35 | Build | Farm |
| 12:42 | Build | Farm |
| 12:57 | Research | Castle Age |
| 13:02 | Build | Farm |
| 13:04 | Build | Farm |
| 13:05 | Build | Farm |
| 13:09 | Build | Mining Camp |
| 13:21 | Research | Double-Bit Axe |
| 13:27 | Build | Farm |
| 13:29 | Build | Farm |
| 13:53 | Build | Barracks |
| 14:06 | Research | Horse Collar |
| 14:07 | Research | Horse Collar |
| 14:43 | Research | Loom |
| 14:43 | Create | Villager (Male) |
| 14:43 | Create | Villager (Male) |
| 15:42 | Age | Castle Age |
| 15:45 | Build | Town Center |
| 15:57 | Build | Siege Workshop |
| 16:09 | Research | Forging |
| 16:13 | Research | Bow Saw |
| 16:41 | Research | Heavy Plow |
| 16:57 | Create | Villager (Male) |
| 17:14 | Build | House |
| 17:16 | Build | House |
| 17:17 | Build | House |
| 17:21 | Create | Villager (Male) |
| 17:26 | Build | Farm |
| 17:36 | Create | Villager (Male) |
| 17:43 | Build | Farm |
| 17:45 | Create | Villager (Male) |
| 17:49 | Build | Farm |
| 17:59 | Create | Scorpion |
| 18:03 | Create | Villager (Male) |
| 18:09 | Create | Villager (Male) |
| 18:13 | Build | Farm |
| 18:21 | Create | Villager (Male) |
| 18:21 | Create | Villager (Male) |
| 18:28 | Build | House |
| 18:30 | Build | House |
| 18:50 | Create | Villager (Male) |
| 18:53 | Create | Mangonel |
| 19:04 | Build | Town Center |
| 19:08 | Create | Villager (Male) |
| 19:12 | Create | Villager (Male) |
| 19:15 | Create | Villager (Male) |
| 19:18 | Create | Mangonel |
| 19:43 | Create | Villager (Male) |
| 19:43 | Create | Villager (Male) |
| 19:57 | Build | Monastery |
| 20:02 | Create | Villager (Male) |
| 20:02 | Create | Villager (Male) |
| 20:11 | Build | Farm |
| 20:14 | Build | Farm |
| 20:19 | Create | Villager (Male) |
| 20:40 | Create | Villager (Male) |
| 20:41 | Build | Farm |
| 20:42 | Build | Farm |
| 20:48 | Create | Villager (Male) |
| 20:50 | Create | Villager (Male) |
| 20:50 | Create | Villager (Male) |
| 21:07 | Create | Villager (Male) |
| 21:07 | Create | Villager (Male) |
| 21:12 | Build | Farm |
| 21:14 | Build | Farm |
| 21:15 | Build | Farm |
| 21:17 | Build | Farm |
| 21:18 | Build | Farm |
| 21:20 | Create | Villager (Male) |
| 21:21 | Create | Villager (Male) |
| 21:29 | Create | Monk |
| 21:39 | Create | Villager (Male) |
| 21:44 | Create | Villager (Male) |
| 21:54 | Build | Siege Workshop |
| 21:58 | Create | Mangonel |
| 22:00 | Create | Villager (Male) |
| 22:01 | Create | Villager (Male) |
| 22:08 | Build | Farm |
| 22:09 | Build | Farm |
| 22:11 | Create | Villager (Male) |
| 22:16 | Build | Farm |
| 22:17 | Build | Farm |
| 22:25 | Build | Farm |
| 22:26 | Create | Villager (Male) |
| 22:29 | Create | Villager (Male) |
| 22:33 | Build | Farm |
| 22:34 | Build | Farm |
| 22:35 | Build | Farm |
| 22:45 | Create | Scorpion |
| 22:45 | Create | Scorpion |
| 22:56 | Create | Villager (Male) |
| 22:56 | Create | Villager (Male) |
| 23:07 | Research | Fervor |
| 23:13 | Create | Villager (Male) |
| 23:13 | Create | Villager (Male) |
| 23:14 | Create | Villager (Male) |
| 23:20 | Build | House |
| 23:23 | Build | University |
| 23:26 | Build | House |
| 23:28 | Build | House |
| 23:28 | Build | House |
| 23:28 | Build | House |
| 23:28 | Build | House |
| 23:29 | Build | House |
| 23:32 | Research | Gold Mining |
Build order — 1448415732
First 150 of 611 actions detected
| 0:04 | Create | Villager (Male) |
| 0:04 | Create | Villager (Male) |
| 0:05 | Create | Villager (Male) |
| 0:05 | Create | Villager (Male) |
| 0:07 | Build | House |
| 0:10 | Build | House |
| 1:27 | Create | Villager (Male) |
| 1:27 | Create | Villager (Male) |
| 1:57 | Build | Lumber Camp |
| 2:05 | Create | Villager (Male) |
| 2:06 | Create | Villager (Male) |
| 2:06 | Create | Villager (Male) |
| 2:29 | Create | Villager (Male) |
| 2:29 | Create | Villager (Male) |
| 2:29 | Create | Villager (Male) |
| 2:57 | Create | Villager (Male) |
| 2:57 | Create | Villager (Male) |
| 3:14 | Create | Villager (Male) |
| 3:14 | Create | Villager (Male) |
| 3:15 | Create | Villager (Male) |
| 3:47 | Build | House |
| 3:49 | Build | House |
| 4:00 | Create | Villager (Male) |
| 4:01 | Create | Villager (Male) |
| 4:13 | Create | Villager (Male) |
| 4:13 | Create | Villager (Male) |
| 4:13 | Create | Villager (Male) |
| 4:30 | Build | Mill |
| 4:38 | Create | Villager (Male) |
| 4:38 | Create | Villager (Male) |
| 5:36 | Create | Villager (Male) |
| 5:36 | Create | Villager (Male) |
| 5:36 | Create | Villager (Male) |
| 6:14 | Create | Villager (Male) |
| 6:14 | Create | Villager (Male) |
| 6:14 | Create | Villager (Male) |
| 6:37 | Create | Villager (Male) |
| 6:37 | Create | Villager (Male) |
| 6:37 | Create | Villager (Male) |
| 6:37 | Create | Villager (Male) |
| 6:47 | Create | Villager (Male) |
| 6:48 | Create | Villager (Male) |
| 6:48 | Create | Villager (Male) |
| 7:11 | Create | Villager (Male) |
| 7:11 | Create | Villager (Male) |
| 7:11 | Create | Villager (Male) |
| 7:27 | Create | Villager (Male) |
| 7:27 | Create | Villager (Male) |
| 8:02 | Build | Farm |
| 8:22 | Build | House |
| 8:33 | Build | Farm |
| 8:39 | Build | Farm |
| 9:40 | Create | Villager (Male) |
| 9:40 | Create | Villager (Male) |
| 9:46 | Research | Feudal Age |
| 10:27 | Build | Mining Camp |
| 10:53 | Create | Villager (Male) |
| 11:37 | Create | Villager (Male) |
| 11:54 | Build | Mining Camp |
| 12:40 | Age | Feudal Age |
| 12:43 | Build | Market |
| 12:47 | Build | Blacksmith |
| 12:58 | Research | Double-Bit Axe |
| 13:25 | Research | Horse Collar |
| 13:38 | Research | Castle Age |
| 13:51 | Build | Farm |
| 14:01 | Build | House |
| 14:03 | Build | House |
| 14:16 | Create | Villager (Male) |
| 14:22 | Build | Farm |
| 14:44 | Build | Farm |
| 14:51 | Build | Farm |
| 16:08 | Research | Loom |
| 16:09 | Create | Villager (Male) |
| 16:18 | Age | Castle Age |
| 16:52 | Build | Castle |
| 16:59 | Build | House |
| 17:15 | Build | House |
| 17:20 | Create | Villager (Male) |
| 17:21 | Create | Villager (Male) |
| 17:21 | Create | Villager (Male) |
| 17:53 | Build | Farm |
| 18:01 | Build | Farm |
| 18:02 | Build | Farm |
| 18:17 | Build | Mining Camp |
| 18:23 | Research | Gold Mining |
| 18:29 | Create | Janissary |
| 18:33 | Create | Janissary |
| 18:35 | Create | Villager (Male) |
| 18:41 | Build | Farm |
| 18:52 | Build | Farm |
| 18:56 | Research | Bow Saw |
| 19:04 | Create | Janissary |
| 19:06 | Create | Villager (Male) |
| 19:07 | Create | Villager (Male) |
| 19:07 | Create | Villager (Male) |
| 19:21 | Build | Farm |
| 19:24 | Create | Villager (Male) |
| 19:36 | Create | Janissary |
| 19:50 | Build | Siege Workshop |
| 19:53 | Create | Villager (Male) |
| 20:04 | Create | Janissary |
| 20:07 | Create | Villager (Male) |
| 20:19 | Create | Villager (Male) |
| 20:21 | Create | Janissary |
| 20:26 | Create | Battering Ram |
| 20:32 | Create | Battering Ram |
| 20:34 | Create | Villager (Male) |
| 20:34 | Create | Villager (Male) |
| 20:52 | Create | Janissary |
| 20:53 | Create | Janissary |
| 21:05 | Build | Farm |
| 21:14 | Create | Villager (Male) |
| 21:29 | Build | Town Center |
| 21:33 | Create | Villager (Male) |
| 21:33 | Create | Villager (Male) |
| 22:01 | Research | Padded Archer Armor |
| 22:14 | Create | Janissary |
| 22:14 | Create | Janissary |
| 23:06 | Create | Villager (Male) |
| 23:06 | Create | Villager (Male) |
| 23:25 | Create | Janissary |
| 23:25 | Create | Janissary |
| 23:26 | Create | Villager (Male) |
| 23:26 | Create | Villager (Male) |
| 23:27 | Create | Villager (Male) |
| 23:59 | Create | Villager (Male) |
| 24:00 | Create | Villager (Male) |
| 24:00 | Create | Villager (Male) |
| 24:01 | Create | Villager (Male) |
| 24:01 | Create | Villager (Male) |
| 24:10 | Create | Villager (Male) |
| 24:10 | Create | Villager (Male) |
| 24:19 | Build | Town Center |
| 24:27 | Build | Farm |
| 24:27 | Build | Farm |
| 24:28 | Build | Farm |
| 24:28 | Build | Farm |
| 24:29 | Create | Villager (Male) |
| 24:30 | Create | Villager (Male) |
| 24:52 | Create | Villager (Male) |
| 24:52 | Create | Villager (Male) |
| 24:52 | Create | Villager (Male) |
| 24:53 | Create | Villager (Male) |
| 25:21 | Create | Battering Ram |
| 25:21 | Create | Battering Ram |
| 25:38 | Create | Janissary |
| 25:39 | Create | Janissary |
| 25:39 | Create | Janissary |
| 25:39 | Create | Villager (Male) |
Build order — obamama
First 150 of 375 actions detected
| 0:01 | Create | Villager (Male) |
| 0:01 | Create | Villager (Male) |
| 0:02 | Build | House |
| 0:04 | Build | House |
| 0:04 | Create | Villager (Male) |
| 0:05 | Create | Villager (Male) |
| 0:05 | Create | Villager (Male) |
| 0:05 | Create | Villager (Male) |
| 0:06 | Build | House |
| 2:04 | Create | Villager (Male) |
| 2:04 | Create | Villager (Male) |
| 2:27 | Create | Villager (Male) |
| 2:27 | Create | Villager (Male) |
| 2:48 | Create | Villager (Male) |
| 2:49 | Create | Villager (Male) |
| 2:49 | Create | Villager (Male) |
| 3:18 | Create | Villager (Male) |
| 3:18 | Create | Villager (Male) |
| 3:44 | Build | Lumber Camp |
| 3:48 | Create | Villager (Male) |
| 3:48 | Create | Villager (Male) |
| 4:17 | Create | Villager (Male) |
| 4:18 | Create | Villager (Male) |
| 4:18 | Create | Villager (Male) |
| 4:18 | Create | Villager (Male) |
| 4:53 | Build | Mill |
| 5:05 | Create | Villager (Male) |
| 5:06 | Create | Villager (Male) |
| 5:06 | Create | Villager (Male) |
| 5:13 | Build | House |
| 6:25 | Create | Villager (Male) |
| 6:25 | Create | Villager (Male) |
| 6:25 | Create | Villager (Male) |
| 6:26 | Create | Villager (Male) |
| 6:26 | Create | Villager (Male) |
| 8:08 | Create | Villager (Male) |
| 8:42 | Research | Feudal Age |
| 8:42 | Research | Feudal Age |
| 9:03 | Build | Mining Camp |
| 10:10 | Build | House |
| 10:15 | Create | Villager (Male) |
| 10:49 | Create | Villager (Male) |
| 10:52 | Age | Feudal Age |
| 10:57 | Build | Market |
| 11:00 | Build | Blacksmith |
| 11:14 | Create | Villager (Male) |
| 11:20 | Build | Farm |
| 11:23 | Build | Farm |
| 11:26 | Build | Farm |
| 12:01 | Create | Villager (Male) |
| 12:11 | Build | Farm |
| 12:14 | Build | Farm |
| 12:18 | Build | Farm |
| 12:22 | Build | Farm |
| 12:26 | Build | Farm |
| 12:35 | Build | Farm |
| 13:07 | Build | Barracks |
| 13:10 | Build | House |
| 13:15 | Build | Farm |
| 13:20 | Build | Farm |
| 13:41 | Research | Castle Age |
| 13:41 | Research | Castle Age |
| 14:36 | Build | Stable |
| 14:57 | Research | Double-Bit Axe |
| 15:00 | Research | Horse Collar |
| 15:00 | Research | Gold Mining |
| 15:18 | Create | Villager (Male) |
| 15:18 | Create | Villager (Male) |
| 16:21 | Age | Castle Age |
| 16:23 | Build | Monastery |
| 16:24 | Create | Knight |
| 16:40 | Create | Villager (Male) |
| 16:40 | Create | Villager (Male) |
| 16:41 | Create | Villager (Male) |
| 16:46 | Build | Town Center |
| 16:55 | Build | Town Center |
| 17:07 | Create | Monk |
| 17:13 | Build | House |
| 17:15 | Build | House |
| 17:41 | Build | Farm |
| 18:08 | Create | Monk |
| 18:20 | Create | Villager (Male) |
| 18:20 | Create | Villager (Male) |
| 18:20 | Create | Villager (Male) |
| 18:22 | Create | Villager (Male) |
| 18:22 | Create | Villager (Male) |
| 18:22 | Create | Villager (Male) |
| 18:23 | Create | Villager (Male) |
| 18:26 | Build | Farm |
| 18:31 | Build | Farm |
| 18:34 | Build | Farm |
| 18:38 | Build | Farm |
| 18:43 | Create | Villager (Male) |
| 18:43 | Create | Villager (Male) |
| 19:30 | Build | Farm |
| 19:34 | Build | Farm |
| 19:37 | Create | Villager (Male) |
| 19:37 | Create | Villager (Male) |
| 19:38 | Create | Villager (Male) |
| 19:43 | Research | Wheelbarrow |
| 19:46 | Create | Knight |
| 19:52 | Create | Monk |
| 20:29 | Create | Villager (Male) |
| 20:29 | Create | Villager (Male) |
| 20:29 | Create | Villager (Male) |
| 20:30 | Create | Villager (Male) |
| 20:30 | Create | Villager (Male) |
| 20:30 | Create | Villager (Male) |
| 20:33 | Build | Farm |
| 20:36 | Build | Farm |
| 20:37 | Research | Heavy Plow |
| 20:49 | Create | Villager (Male) |
| 20:50 | Create | Villager (Male) |
| 20:50 | Create | Villager (Male) |
| 21:02 | Research | Stone Mining |
| 21:04 | Build | Farm |
| 21:33 | Create | Villager (Male) |
| 21:34 | Create | Villager (Male) |
| 21:34 | Create | Villager (Male) |
| 21:34 | Create | Villager (Male) |
| 21:37 | Build | Farm |
| 21:43 | Build | House |
| 21:44 | Build | House |
| 21:52 | Build | House |
| 21:53 | Build | House |
| 21:54 | Build | House |
| 22:01 | Research | Loom |
| 22:13 | Build | Farm |
| 22:16 | Build | Farm |
| 22:26 | Create | Villager (Male) |
| 22:26 | Create | Villager (Male) |
| 22:35 | Create | Knight |
| 22:35 | Create | Knight |
| 22:55 | Build | House |
| 22:57 | Build | House |
| 22:58 | Build | House |
| 23:58 | Create | Knight |
| 23:58 | Create | Knight |
| 23:59 | Create | Knight |
| 24:04 | Build | House |
| 24:04 | Build | House |
| 24:05 | Build | House |
| 24:05 | Build | House |
| 24:06 | Build | House |
| 24:11 | Create | Villager (Male) |
| 24:11 | Create | Villager (Male) |
| 24:12 | Create | Villager (Male) |
| 24:12 | Create | Villager (Male) |
| 24:12 | Create | Villager (Male) |
| 24:13 | Create | Villager (Male) |
Match timeline
| 10:19 | IV · first_building Barracks |
| 10:24 | IV · age_up feudal |
| 10:52 | obamama · age_up feudal |
| 11:01 | eugenibeto · age_up feudal |
| 11:32 | MorikawaKouichi · age_up feudal |
| 11:41 | 人老手不慢 · age_up feudal |
| 11:47 | vagrant330 · age_up feudal |
| 12:09 | Johnsonator · first_building Barracks |
| 12:40 | 1448415732 · age_up feudal |
| 12:44 | eugenibeto · first_market_buy 100 food |
| 12:57 | Johnsonator · age_up feudal |
| 13:07 | obamama · first_building Barracks |
| 13:49 | MorikawaKouichi · wall_segment Stone Wall x1 |
| 13:53 | vagrant330 · first_building Barracks |
| 13:56 | MorikawaKouichi · wall_segment Palisade Wall x1 |
| 14:23 | 人老手不慢 · age_up castle |
| 14:36 | obamama · first_building Stable |
| 15:02 | MorikawaKouichi · age_up castle |
| 15:42 | vagrant330 · age_up castle |
| 15:51 | eugenibeto · age_up castle |
| 15:55 | eugenibeto · first_building Siege Workshop |
| 15:57 | vagrant330 · first_building Siege Workshop |
| 16:18 | 1448415732 · age_up castle |
| 16:21 | obamama · age_up castle |
| 16:23 | obamama · first_building Monastery |
| 16:26 | MorikawaKouichi · first_market_buy 100 food |
| 16:52 | 1448415732 · first_building Castle |
| 18:22 | 人老手不慢 · first_building Stable |
| 18:30 | MorikawaKouichi · first_building Siege Workshop |
| 18:32 | IV · first_building Stable |
| 19:36 | Johnsonator · age_up castle |
| 19:50 | 1448415732 · first_building Siege Workshop |
| 19:55 | IV · age_up castle |
| 19:57 | vagrant330 · first_building Monastery |
| 20:02 | 1448415732 · first_market_buy 100 food |
| 20:12 | MorikawaKouichi · wall_segment Stone Wall x1 |
| 20:32 | IV · first_building Castle |
| 20:46 | Johnsonator · first_building Monastery |
| 23:38 | MorikawaKouichi · first_building Castle |
| 24:28 | obamama · first_building Castle |
| 25:03 | IV · first_building Monastery |
| 25:19 | MorikawaKouichi · wall_segment Stone Wall x5 |
| 25:26 | eugenibeto · first_building Castle |
| 25:35 | MorikawaKouichi · wall_segment Stone Wall x4 |
| 25:39 | 人老手不慢 · first_building Monastery |
| 26:06 | vagrant330 · first_building Castle |
| 26:11 | MorikawaKouichi · wall_segment Stone Wall x1 |
| 26:48 | MorikawaKouichi · wall_segment Stone Wall x1 |
| 26:50 | MorikawaKouichi · wall_segment Stone Wall x1 |
| 27:14 | MorikawaKouichi · wall_segment Stone Wall x1 |
| 27:47 | Johnsonator · first_market_buy 100 wood |
| 29:02 | 人老手不慢 · first_building Castle |
| 29:22 | eugenibeto · first_building Barracks |
| 29:29 | MorikawaKouichi · wall_segment Stone Wall x1 |
| 30:26 | eugenibeto · first_building Krepost |
| 30:42 | 人老手不慢 · first_building Siege Workshop |
| 31:06 | eugenibeto · age_up imperial |
| 31:43 | MorikawaKouichi · first_market_sell 100 stone |
| 31:46 | obamama · tribute_sent a jugador 1 |
| 31:46 | obamama · tribute_sent a jugador 2 |
| 31:46 | obamama · tribute_sent a jugador 3 |
| 31:46 | obamama · tribute_sent a jugador 4 |
| 31:46 | obamama · tribute_sent a jugador 5 |
| 31:46 | obamama · tribute_sent a jugador 6 |
| 31:46 | obamama · tribute_sent a jugador 7 |
| 32:13 | vagrant330 · age_up imperial |
| 32:20 | IV · first_market_buy 500 food |
| 32:28 | Johnsonator · first_building Castle |
| 32:41 | 人老手不慢 · age_up imperial |
| 32:50 | eugenibeto · first_market_sell 100 food |
| 33:17 | IV · first_market_sell 500 stone |
| 34:22 | MorikawaKouichi · first_building Barracks |
| 34:36 | 1448415732 · first_building Barracks |
| 35:04 | MorikawaKouichi · age_up imperial |
| 35:06 | MorikawaKouichi · first_building Stable |
| 35:22 | Johnsonator · age_up imperial |
| 35:23 | MorikawaKouichi · wall_segment Stone Wall x3 |
| 35:27 | MorikawaKouichi · wall_segment Stone Wall x5 |
| 35:36 | 1448415732 · age_up imperial |
| 35:42 | 1448415732 · first_building Archery Range |
| 36:00 | obamama · age_up imperial |
| 37:01 | eugenibeto · resign |
| 37:10 | IV · age_up imperial |
| 38:08 | Johnsonator · first_building Archery Range |
| 39:12 | Johnsonator · first_building Siege Workshop |
| 40:14 | 1448415732 · first_building Stable |
| 41:07 | MorikawaKouichi · wall_segment Stone Wall x6 |
| 41:23 | 人老手不慢 · first_building Barracks |
| 45:12 | 1448415732 · first_market_sell 100 food |
| 45:19 | obamama · first_market_sell 100 wood |
| 45:32 | vagrant330 · first_building Stable |
| 47:00 | obamama · tribute_sent a jugador 1 |
| 47:00 | obamama · tribute_sent a jugador 2 |
| 47:00 | obamama · tribute_sent a jugador 3 |
| 47:00 | obamama · tribute_sent a jugador 4 |
| 47:00 | obamama · tribute_sent a jugador 5 |
| 47:00 | obamama · tribute_sent a jugador 6 |
| 47:00 | obamama · tribute_sent a jugador 7 |
[ AI ANALYSIS · 1 CREDIT ]
What really happened in this match?
Wolo.gg analyzes every decision: build order, eco, micro, common mistakes by bracket. Personalized analysis on WhatsApp or Discord in 30 seconds.
Civ guide
Bulgarians
Perfil
Jugador #606402